 Dungeon Sprint DCSS version 0.27-a0-1513-g2aaa0cc67b (webtiles) character file.

Game seed: 5116596796406782847

36190 mhtbhm the Hoplite (level 13, -5/132 HPs)
             Began as a Minotaur Fighter on July 9, 2021.
             Was the Champion of Qazlal.
             Killed from afar by Lom Lobon (72 damage)
             ... with a great icy blast
             ... in the Dungeon (Sprint VII: "The Pits").
             The game lasted 00:08:14 (4034 turns).

mhtbhm the Hoplite (Minotaur Fighter)               Turns: 4034, Time: 00:08:15

Health: -5/132     AC: 30    Str: 25    XL:     13   Next: 51%
Magic:  15/22      EV: 11    Int:  5    God:    Qazlal [******]
Gold:   40         SH: 25    Dex: 11    Spells: 12/12 levels left

rFire    . . .     SeeInvis .   a - +1 broad axe (vorpal)
rCold    + . .     Faith    .   c - +0 kite shield
rNeg     . . .     Spirit   .   b - +4 chain mail
rPois    .         Reflect  .   (helmet restricted)
rElec    .         Harm     .   (no cloak)
rCorr    .         Rampage  .   (no gloves)
Will     .....     NoTele   +   A - +0 pair of boots
Stlth    ..........             y - amulet of the acrobat
HPRegen  0.32/turn              n - +3 ring of protection
MPRegen  0.18/turn              D - ring of the Tortoise {AC+8}

@: protected from cold, repel missiles
A: horns 2, retaliatory headbutt
a: Renounce Religion, Upheaval, Elemental Force, Disaster Area


You were in the Dungeon.
You worshipped Qazlal.
Qazlal was exalted by your worship.
You visited 1 branch You collected 40 gold pieces.

Inventory:

Hand Weapons
 a - a +1 vorpal broad axe (weapon)
Armour
 b - a +4 chain mail (worn)
 c - a +0 kite shield (worn)
 A - a +0 pair of boots (worn)
Jewellery
 n - a +3 ring of protection (left hand)
 v - a ring of resist corrosion
 w - an amulet of faith
 y - an amulet of the acrobat (around neck)
 z - a ring of positive energy
 D - the ring of the Tortoise (right hand) {AC+8}
   (You took it off a deep elf knight in the Dungeon)

   [ring of protection]

   AC:        It affects your AC (+8).
Wands
 x - a wand of iceblast (9)
Scrolls
 j - a scroll of blinking
 l - 5 scrolls of amnesia
 m - a scroll of summoning
 q - 2 scrolls of enchant armour
 r - 2 scrolls of enchant weapon
 s - a scroll of fog
 t - 5 scrolls of fear
 u - 3 scrolls of identify
Potions
 d - 2 potions of might
 e - 9 potions of curing
 f - 8 potions of heal wounds
 g - 3 potions of haste
 h - 3 potions of magic
 i - 2 potions of berserk rage
 k - 2 potions of invisibility
 p - 2 potions of brilliance
 B - 2 potions of resistance
 C - 2 potions of mutation


   Skills:
 + Level 17.0 Fighting
 + Level 20.4 Axes
 + Level 16.1 Armour
 + Level 7.0 Dodging
 + Level 0.6 Stealth
 + Level 21.7 Shields
 * Level 14.5 Invocations


You had 12 spell levels left.
You didn't know any spells.
Your spell library contained the following spells:

 Spells                   Type           Power      Damage    Failure   Level
 Sandblast                Erth           0%         2d4       90%         1
 Passwall                 Tmut/Erth      0%         N/A       97%         2
 Gell's Gravitas          Tloc           0%         N/A       99%         3
 Animate Armour           Summ/Erth      0%         N/A       100%        4
 Leda's Liquefaction      Hex/Erth       0%         N/A       100%        4
 Bolt of Magma            Conj/Fire/Erth 0%         4d4       100%        5
 Statue Form              Tmut/Erth      0%         N/A       100%        6
 Disjunction              Tloc           0%         N/A       100%        8


Dungeon Overview and Level Annotations

Branches:
Dungeon (1/1)

Altars:
Ashenzari
Cheibriados
Dithmenos
Elyvilon
Fedhas
Gozag
Hepliaklqana
Kikubaaqudgha
Makhleb
Nemelex Xobeh
Okawaru
Qazlal
Ru
Sif Muna
Trog
Uskayaw
Vehumet
Wu Jian
Xom
Yredelemnul
Zin
The Shining One
Beogh
Jiyva
Lugonu

Annotations:
D Lom Lobon


Innate Abilities, Weirdness & Mutations

You have a pair of horns on your head.
You reflexively headbutt those who attack you in melee.


Message History

Unknown command.
Blink to where?
Press: ? - help, Dir - move target
As you read the scroll of blinking, it crumbles to dust.
You feel much better.
You float gracefully downwards.
Okay, then.
Unknown command.
Nature churns violently around you!
The blast of rubble hits Lom Lobon!!
Lom Lobon is lightly wounded.
The blast of magma engulfs Lom Lobon!!
Lom Lobon partially resists.
Lom Lobon is moderately wounded.
The blast of ice hits Lom Lobon!
Lom Lobon partially resists.
Lom Lobon is moderately wounded.
Lom Lobon is flash-frozen.
The blast of rubble hits Lom Lobon.
Lom Lobon is moderately wounded.
The blast of magma engulfs Lom Lobon!!
Lom Lobon partially resists.
Lom Lobon is moderately wounded.
The ice encasing you melts away.
Unknown command.
Unknown command.
Unknown command.
Unknown command.
Unknown command.
Unknown command.
Unknown command.
Unknown command.
Unknown command.
Unknown command.
You don't have enough magic at the moment.
Unknown command.
Unknown command.
Unknown command.
Magic courses through your body. Lom Lobon gestures at you.
Lom Lobon conjures a mighty blast of ice!
The great icy blast engulfs you!!!!
You feel protected from cold.
Ouch! That really hurt!
You die...

#§# #.# #≈#
#################.#
...............≈&.#
...............§§§#
++##############§§#
#§°# #@§# #..# #..#
#..# #..# #..# #..#
#≈§#


You could see Lom Lobon (gusty, frozen).

Vanquished Creatures
  An emperor scorpion (D)
  An angel (D)
  A dire elephant (D)
  A deep elf death mage (D)
  A centaur warrior (D)
  7 two-headed ogres (D)
  2 ogre magi (D)
  A death knight (D)
  An orc high priest (D)
  5 death yaks (D)
  A spriggan (D)
  2 deep elf knights (D)
  A bog body (D)
  A swamp dragon (D)
  A deep elf zephyrmancer (D)
  Pikel (D)
  4 harpies (D)
  A wolf spider (D)
  2 orc sorcerers (D)
  3 manticores (D)
  A large abomination (D)
  An orange demon (D)
  A molten gargoyle (D)
  A gargoyle (D)
  A black mamba (D)
  A rime drake (D)
  A cane toad (D)
  An ice devil (D)
  An efreet (D)
  2 trolls (D)
  A polar bear (D)
  A hornet (D)
  2 tyrant leeches (D)
  5 blink frogs (D)
  A snapping turtle (D)
  4 dream sheep (D)
  A flying skull (D)
  2 tarantellas (D)
  17 yaks (D)
  A ynoxinul (D)
  3 redbacks (D)
  3 wraiths (D)
  An air elemental (D)
  A fire bat (D)
  A vampire (D)
  A fire elemental (D)
  A warg (D)
  An acid dragon (D)
  A water moccasin (D)
  A floating eye (D)
  A sky beast (D)
  3 orc warriors (D)
  A black bear (D)
  A small abomination (D)
  4 wolves (D)
  3 ogres (D)
  A centaur (D)
  A lemure (D)
  2 gnoll sergeants (D)
  A scorpion (D)
  6 killer bees (D)
  3 hounds (D)
  An orc wizard (D)
  2 mummies (D)
  6 gnolls (D)
  An ufetubus (D)
  An adder skeleton (D)
  A worm (D)
  4 orcs (D)
  An endoplasm (D)
  2 giant cockroaches (D)
  A quokka (D)
  A ball python zombie (D)
  A bat simulacrum (D)
  A frilled lizard (D)
  A quokka simulacrum (D)
  2 rats (D)
151 creatures vanquished.

Vanquished Creatures (collateral kills)
  A hellephant (D)
1 creature vanquished.

Vanquished Creatures (others)
  A shadow wraith (D)
  A gnoll (D)
2 creatures vanquished.

Grand Total: 154 creatures vanquished

Notes
Turn   | Place    | Note
-------+----------+-------------------------------------------
     0 | D        | mhtbhm the Minotaur Fighter began the quest for the Orb.
     0 | D        | Reached XP level 1. HP: 19/19 MP: 0/0
    11 | D        | Noticed a floating eye
    13 | D        | Paralysed by a floating eye for 3 turns
    18 | D        | Killed a floating eye
    19 | D        | Reached skill level 6 in Shields
    19 | D        | Reached XP level 2. HP: 31/31 MP: 1/1
    19 | D        | Reached XP level 3. HP: 38/38 MP: 2/2
    19 | D        | Reached XP level 4. HP: 45/45 MP: 3/3
    23 | D        | Found a bloodstained altar of Trog.
    23 | D        | Found a shimmering blue altar of Sif Muna.
    23 | D        | Found a viscous altar of Jiyva.
    23 | D        | Found a hazy altar of Hepliaklqana.
    23 | D        | Found an opulent altar of Gozag.
    24 | D        | Found a glowing golden altar of the Shining One.
    24 | D        | Found a glowing silver altar of Zin.
    24 | D        | Found a basalt altar of Yredelemnul.
    24 | D        | Found a shimmering altar of Xom.
    24 | D        | Found an ornate altar of the Wu Jian Council.
    24 | D        | Found a sacrificial altar of Ru.
    24 | D        | Found a stormy altar of Qazlal.
    24 | D        | Found an iron altar of Okawaru.
    24 | D        | Found a sparkling altar of Nemelex Xobeh.
    24 | D        | Found a burning altar of Makhleb.
    24 | D        | Found a blossoming altar of Fedhas.
    24 | D        | Found a white marble altar of Elyvilon.
    24 | D        | Found a shadowy altar of Dithmenos.
    24 | D        | Found a snail-covered altar of Cheibriados.
    26 | D        | Found a radiant altar of Vehumet.
    26 | D        | Found a corrupted altar of Lugonu.
    27 | D        | Found a hide-covered altar of Uskayaw.
    27 | D        | Found an ancient bone altar of Kikubaaqudgha.
    27 | D        | Found a broken altar of Ashenzari.
    39 | D        | Became a worshipper of Qazlal Stormbringer
    90 | D        | Reached * piety under Qazlal
   124 | D        | Reached skill level 7 in Shields
   124 | D        | Reached ** piety under Qazlal
   127 | D        | Reached XP level 5. HP: 15/52 MP: 4/4
   130 | D        | Reached skill level 5 in Axes
   371 | D        | Noticed a water moccasin
   376 | D        | Reached *** piety under Qazlal
   384 | D        | Killed a water moccasin
   384 | D        | Reached **** piety under Qazlal
   385 | D        | Reached skill level 1 in Dodging
   385 | D        | Reached skill level 8 in Shields
   385 | D        | Reached XP level 6. HP: 30/62 MP: 5/5
   407 | D        | Reached skill level 9 in Shields
   557 | D        | Noticed an orc sorcerer
   560 | D        | Noticed a rust devil
   569 | D        | Killed an orc sorcerer
   570 | D        | Reached skill level 10 in Armour
   570 | D        | Reached skill level 10 in Shields
   570 | D        | Reached XP level 7. HP: 65/71 MP: 6/6
   574 | D        | Reached skill level 10 in Fighting
   575 | D        | Reached ***** piety under Qazlal
   576 | D        | Reached skill level 10 in Axes
   593 | D        | Reached skill level 11 in Shields
   640 | D        | Noticed a snapping turtle
   640 | D        | Noticed a wraith
   658 | D        | Killed a wraith
   659 | D        | Reached skill level 1 in Invocations
   678 | D        | Killed a snapping turtle
   679 | D        | Reached XP level 8. HP: 24/80 MP: 8/8
   916 | D        | Noticed a swamp dragon
   916 | D        | Noticed a manticore
   925 | D        | Killed a manticore
   926 | D        | Reached skill level 12 in Shields
   927 | D        | Killed a swamp dragon
   928 | D        | Reached skill level 13 in Shields
   928 | D        | Reached skill level 5 in Invocations
   928 | D        | Reached XP level 9. HP: 48/89 MP: 8/11
  1123 | D        | Noticed an orange demon
  1130 | D        | Killed an orange demon
  1130 | D        | Reached ****** piety under Qazlal
  1138 | D        | Reached skill level 14 in Shields
  1151 | D        | Noticed a manticore
  1152 | D        | Noticed an emperor scorpion
  1159 | D        | Killed a manticore
  1172 | D        | Killed an emperor scorpion
  1173 | D        | Reached skill level 15 in Shields
  1173 | D        | Reached XP level 10. HP: 87/97 MP: 12/14
  1386 | D        | Paralysed by an air elemental for 1 turns
  1495 | D        | Reached skill level 16 in Shields
  1680 | D        | Noticed a large abomination
  1694 | D        | Killed a large abomination
  1732 | D        | Noticed a death yak
  1732 | D        | Noticed a manticore
  1732 | D        | Noticed a black mamba
  1738 | D        | Killed a black mamba
  1742 | D        | Killed a death yak
  1743 | D        | Reached skill level 15 in Axes
  1749 | D        | Killed a manticore
  1750 | D        | Reached XP level 11. HP: 56/107 MP: 17/17
  1945 | D        | Noticed a bog body
  1958 | D        | Killed a bog body
  1959 | D        | Reached skill level 10 in Invocations
  1962 | D        | Noticed an orc sorcerer
  1963 | D        | Noticed a sun demon
  1964 | D        | Noticed a two-headed ogre
  1964 | D        | Noticed a deep elf knight
  1965 | D        | Noticed an ogre mage
  1968 | D        | Killed an orc sorcerer
  1968 | D        | Noticed a two-headed ogre
  1969 | D        | Reached skill level 5 in Dodging
  1969 | D        | Reached skill level 17 in Shields
  1971 | D        | Noticed a two-headed ogre
  1973 | D        | Noticed a two-headed ogre
  1976 | D        | Killed a two-headed ogre
  1976 | D        | Killed a two-headed ogre
  1976 | D        | Killed a deep elf knight
  1976 | D        | Noticed a death yak
  1979 | D        | Killed a two-headed ogre
  1982 | D        | Killed a two-headed ogre
  1982 | D        | HP: 5/108 [something/bolt of magma (21)]
  1986 | D        | Killed an ogre mage
  1987 | D        | Reached skill level 18 in Shields
  1990 | D        | Killed a death yak
  2003 | D        | Reached XP level 12. HP: 11/117 MP: 14/19
  2422 | D        | Noticed a centaur warrior
  2422 | D        | Noticed Pikel
  2428 | D        | Noticed a death yak
  2431 | D        | Noticed a death yak
  2432 | D        | Noticed a death yak
  2435 | D        | Killed a centaur warrior
  2437 | D        | Killed Pikel
  2443 | D        | Reached skill level 15 in Armour
  2444 | D        | Killed a death yak
  2449 | D        | Reached skill level 19 in Shields
  2449 | D        | Killed a death yak
  2449 | D        | Killed a death yak
  2450 | D        | Reached skill level 15 in Fighting
  2714 | D        | Noticed a dire elephant
  2714 | D        | Noticed a hellephant
  2727 | D        | Killed a dire elephant
  2769 | D        | Got the Compendium of the Rocks and the Compass
  2985 | D        | Killed a hellephant
  3317 | D        | Noticed a deep elf death mage
  3323 | D        | Killed a deep elf death mage
  3323 | D        | Noticed an orc high priest
  3329 | D        | Reached skill level 20 in Shields
  3329 | D        | Killed an orc high priest
  3336 | D        | Reached XP level 13. HP: 98/128 MP: 20/22
  3363 | D        | Noticed an angel
  3408 | D        | Killed an angel
  3432 | D        | Reached skill level 21 in Shields
  4020 | D        | Noticed Lom Lobon
  4034 | D        | Killed from afar by Lom Lobon

Illustrated notes

Levels and vault maps discovered:
D:        pitsprint [storerooms_1, entrance_room_1, metal_vault_3, armoury_3,
          mini_pit_1, grid_room_1, main_hall_1, silver_pit, the_coven_2,
          the_vestibule_1, steel_vault_4, golden_pit, hallway_of_sentries,
          crystal_vault_4, iron_vault_5, final_vault]

Skill      XL: |  1  2  3  4  5  6  7  8  9 10 11 12 13 |
---------------+----------------------------------------+-----
Fighting       | 6 7 8 9 10 11 12 13 14 16 17 | 17.0
Axes           | 4 6 9 10 11 13 15 17 19 20 | 20.4
Armour         | 6 7 8 10 11 12 13 14 15 16 | 16.1
Shields        | 6 7 8 10 11 13 15 16 18 20 21 | 21.7
Dodging        | 1 2 3 4 5 6 7 |  7.0
Invocations    | 2 5 7 9 11 13 14 | 14.5
Stealth        | |  0.6

Action                   |  1- 3 |  4- 6 |  7- 9 | 10-12 | 13-15 || total
-------------------------+-------+-------+-------+-------+-------++-------
Melee: War axe           |     4 |       |       |       |       ||     4
       Headbutt          |     1 |     8 |    22 |    48 |    22 ||   101
       Hand axe          |       |    51 |    58 |       |       ||   109
       Broad axe         |       |       |    40 |   171 |   119 ||   330
Invok: Disaster Area     |       |       |       |     2 |     1 ||     3
       Elemental Force   |       |       |       |     1 |       ||     1
       Upheaval          |       |       |       |       |     1 ||     1
Evoke: Wand              |       |       |       |     1 |       ||     1
  Use: Potion            |       |       |     3 |     6 |     2 ||    11
       Scroll            |       |       |       |       |     1 ||     1
Armor: Scale mail        |       |     8 |       |       |       ||     8
       Chain mail        |       |    13 |    32 |    90 |    45 ||   180
Dodge: Dodged            |       |    15 |    24 |    61 |    23 ||   123
       Repelled          |       |       |       |     3 |       ||     3
Block: Kite shield       |       |    54 |   116 |   227 |   156 ||   553

Table legend: (Time is in decaauts)
 A = Elapsed time spent in this place.
 B = Non-inter-level travel time spent in this place.
 C = Inter-level travel time spent in this place.
 D = Time resting spent in this place.
 E = Time spent auto-exploring this place.
 F = Levels seen in this place.
 G = Mean time per level.
                   A        B        C        D        E       F      G
               +--------+--------+--------+--------+--------+-----+--------+
         Total |   4012 |   4012 |      0 |   2369 |    188 |   1 | 4012.0 |
       Dungeon |   4012 |   4012 |      0 |   2369 |    188 |   1 | 4012.0 |
               +--------+--------+--------+--------+--------+-----+--------+

Top non-repeatable levels by time:
       D: 4012 daAuts
